cohdb
Replays
Latest Replays
All Replays
Popular Replays
Top Player Replays
Match Explorer
How It Works
Community
CoH3 Stats
Reddit
Sign in to upload your games and track your stats! →
Sign in with Steam
Match 45778321
Unlisted
Match 45778321
Overview
Messages
Build Orders
End
Construct Infanterie Kompanie
MG 42 Machine Gun Team
Grenadier Squad
Grenadier Squad
Grenadier Squad
Selects Breakthrough Battlegroup
Selects Assault Grenadiers
Medical Station
Grenadier Squad
Infanterie Officer Quarters
livaï
cha_Ahai
[HAN]Alan
666这个入是桂
NSR
Field marshal Prince
YipYip
Buff USF
0
0
Comments
sign in to comment!
No comments posted yet!